 Dungeon Crawl Stone Soup version 0.29.1-1-gd02db6906a (webtiles) character file.

Game seed: 18200892369655429560

422 fireball365 the Shield-Bearer (level 6, -6/53 HPs)
             Began as a Minotaur Fighter on Oct 18, 2022.
             Was a Believer of Qazlal.
             Killed by divine providence
             ... invoked by an orc priest
              (10 damage)
             ... on level 4 of the Dungeon.
             The game lasted 00:12:27 (3587 turns).

fireball365 the Shield-Bearer (Minotaur Fighter)    Turns: 3587, Time: 00:12:28

Health: -6/53      AC: 11    Str: 20    XL:     6   Next: 63%
Magic:  5/5        EV: 10    Int:  5    God:    Qazlal [**....]
Gold:   119        SH:  3    Dex: 12    Spells: 5/5 levels left

rFire   . . .      SeeInvis .   t - +0 scythe
rCold   . . .      Faith    .   (shield currently unavailable)
rNeg    . . .      Spirit   .   s - +4 scale mail {rPois}
rPois   +          Reflect  .   (helmet restricted)
rElec   .          Harm     .   (no cloak)
rCorr   .          Rampage  .   (no gloves)
Will    .....                   (no boots)
Stlth   ..........              (no amulet)
HPRegen 0.17/turn               (no ring)
MPRegen 0.09/turn               (no ring)

@: no status effects
A: horns 2, retaliatory headbutt
a: Renounce Religion, Upheaval


You were on level 4 of the Dungeon.
You worshipped Qazlal.
Qazlal was pleased with you.
You visited 1 branch of the dungeon, and saw 4 of its levels.

You collected 119 gold pieces.

Inventory:

Hand Weapons
 a - a +0 war axe
 r - a +1 vorpal trident
 t - a +0 scythe (weapon)
Missiles
 j - 14 stones (quivered)
Armour
 b - a +0 scale mail
 c - a +0 buckler
 s - a +4 scale mail of poison resistance (worn)
Jewellery
 n - a ring of magical power
 w - an amulet of regeneration
Wands
 q - a wand of flame (9)
Scrolls
 h - a scroll of blinking {unknown}
 i - 3 scrolls of identify {unknown}
 k - a scroll of enchant weapon {unknown}
 l - a scroll of magic mapping {unknown}
 o - a scroll of teleportation {unknown}
 v - 2 scrolls of noise {unknown}
 x - a scroll of poison {unknown}
Potions
 d - 4 potions of might
 e - a potion of heal wounds {unknown}
 f - 2 potions of invisibility {unknown}
 g - 2 potions of magic {unknown}
 m - 2 potions of curing {unknown}
 p - a potion of flight {unknown}
 u - a potion of attraction {unknown}
 z - a potion of brilliance {unknown}


   Skills:
 + Level 4.6 Fighting
 + Level 5.1(5.3) Axes
 + Level 2.1(3.8) Polearms
 + Level 5.1 Armour
 + Level 1.7 Dodging
 + Level 0.4 Stealth
 + Level 5.1 Shields


You had 5 spell levels left.
You didn't know any spells.
Your spell library was empty.

Dungeon Overview and Level Annotations

Branches:
Dungeon (4/15)             Temple (0/1) D:4

Altars:
Qazlal
Vehumet

Annotations:
D:3 exclusion: statue


Innate Abilities, Weirdness & Mutations

You have a pair of horns on your head.
You reflexively headbutt those who attack you in melee.


Message History

An orc priest comes into view. It is wielding a +0 club.
Found a staircase to the Ecumenical Temple.
An orc comes into view. It is wielding a +0 whip.
You miss the phantom.
The phantom is severely damaged.
The orc shouts!
The orc priest shouts!
You hear a shout!
The phantom barely misses you.
You closely miss the phantom.
The phantom is severely damaged.
An orc priest comes into view.
It is wielding a +1 flail of protection.
An orc comes into view. It is wielding a +0 dagger.
The phantom hits you. The orc hits you but does no damage.
You barely miss the phantom. You headbutt the phantom.
The phantom is severely damaged.
An orc comes into view. It is wielding a +0 mace.
The orc closely misses you. You furiously retaliate!
You headbutt the orc!
You kill the orc!
Qazlal accepts your kill. The phantom hits you.
The phantom blinks!
You blink.
An orc comes into view. It is wielding a +0 whip.
You block the phantom's attack.
The orc moves out of view.
The orc shouts!
You hit the phantom. You headbutt the phantom.
You destroy the phantom!
Qazlal accepts your kill.
A giant cockroach comes into view.
A ball python comes into view.
Your base Polearms skill increases to level 2!
The orc priest invokes the aid of Beogh against you.
Beogh smites you!
The orc priest miscasts a cantrip.
The orc priest calls down the wrath of Beogh upon you.
Beogh smites you!
An orc comes into view. It is wielding a +0 dagger.
The orc priest calls down the wrath of Beogh upon you.
Beogh smites you!
* * * LOW HITPOINT WARNING * * *
You barely miss the orc. Your headbutt misses the orc.
The orc priest mumbles some strange prayers to Beogh against you.
Beogh smites you!
You die...

#..).#.#.#S
#....oo....
#..##.#.>.#
#..B..#..
##o#oS.
#o#o##.#.#
#.o.......
#o#.#.#.##
#@#.#.#..
#........
#########


You could see 3 orc priests, 4 orcs, a giant cockroach and a ball python.

Vanquished Creatures
  Sigmund (D:2)
  A phantom (D:4)
  A howler monkey (D:4)
  Terence (D:2)
  3 adders
  A worm (D:3)
  5 dart slugs
  An orc (D:4)
  6 bats
  10 endoplasms
  2 giant cockroaches
  10 goblins
  7 hobgoblins
  2 jackals (D:3)
  3 quokkas
  6 ball pythons
  A frilled lizard (D:3)
  10 kobolds
  5 rats
76 creatures vanquished.

Notes
Turn   | Place    | Note
-------+----------+-------------------------------------------
     0 | D:1      | fireball365 the Minotaur Fighter began the quest for the
                  | Orb.
     0 | D:1      | Reached XP level 1. HP: 19/19 MP: 0/0
   225 | D:1      | Reached XP level 2. HP: 26/27 MP: 1/1
   567 | D:1      | Reached XP level 3. HP: 17/33 MP: 2/2
   965 | D:1      | Found a faded altar of an unknown god.
   968 | D:1      | Prayed at the altar of an unknown god.
   968 | D:1      | Became a worshipper of Qazlal Stormbringer
   968 | D:1      | Reached * piety under Qazlal
  1370 | D:2      | Reached XP level 4. HP: 40/40 MP: 3/3
  1742 | D:2      | Noticed Sigmund
  1742 | D:2      | Noticed Terence
  1760 | D:2      | Killed Sigmund
  1761 | D:2      | Reached skill level 1 in Dodging
  1761 | D:2      | Reached skill level 5 in Shields
  1761 | D:2      | Reached XP level 5. HP: 32/46 MP: 4/4
  1773 | D:2      | Killed Terence
  1774 | D:2      | Reached skill level 5 in Axes
  1774 | D:2      | Reached XP level 6. HP: 9/52 MP: 5/5
  2575 | D:3      | Reached ** piety under Qazlal
  2662 | D:3      | Found a radiant altar of Vehumet.
  3572 | D:4      | Reached skill level 1 in Polearms
  3572 | D:4      | Reached skill level 5 in Armour
  3575 | D:4      | Found a staircase to the Ecumenical Temple.
  3587 | D:4      | Killed from afar by an orc priest

Illustrated notes

Levels and vault maps discovered:
D:1:      dpeg_chamrin_arrival_tetris, layout_loops_ring,
          hellmonk_ecumenical_altar_inner_sanctum, minmay_misc_feat_ornament,
          minmay_misc_feat_encased, minmay_unequal
D:2:      layout_basic, uniq_sigmund, uniq_terence
D:3:      layout_basic, vehumet_statue
D:4:      minmay_chambers_of_twos, layout_basic, mainiacjoe_overflow_boulevard,
          jmf_multi_god_temple2, minmay_temple_entry_ruins,
          gammafunk_ghost_cemetery

Skill      XL: |  1  2  3  4  5  6 |
---------------+-------------------+-----
Shields        | 4 5 |  5.1
Armour         | 4 5 |  5.1
Axes           | 3 4 5 |  5.1
Fighting       | 4 |  4.6
Dodging        | 1 |  1.7
Polearms       | 2 |  2.1
Stealth        | |  0.4

Action                   |  1- 3 |  4- 6 || total
-------------------------+-------+-------++-------
Melee: War axe           |    94 |    20 ||   114
       Headbutt          |     6 |    10 ||    16
       Halberd           |       |    43 ||    43
Armor: Scale mail        |    72 |    32 ||   104
Dodge: Dodged            |    74 |    44 ||   118
Block: Buckler           |    38 |    14 ||    52
       Other             |       |     7 ||     7
